 Dungeon Crawl Stone Soup version 0.27.0 (webtiles) character file.

Game seed: 9706801172393546168

1749 Anothat the Chopper (level 9, -3/71 HPs)
             Began as a Formicid Fighter on July 30, 2021.
             Was a Plaything of Xom.
             Slain by an orc warrior (19 damage)
             ... on level 5 of the Dungeon.
             The game lasted 00:10:54 (6615 turns).

Anothat the Chopper (Formicid Fighter)              Turns: 6615, Time: 00:10:55

Health: -3/71      AC: 10    Str: 27    XL:     9   Next: 26%
Magic:  9/9        EV:  6    Int: 10    God:    Xom [.*....]
Gold:   534        SH: 16    Dex:  8    Spells: 8/8 levels left

rFire    . . .     SeeInvis +   z - +1 war axe of Wolourha {vorpal, Drain rElec Str+2 Int+3}
rCold    . . .     Faith    .   l - +0 tower shield
rNeg     . . .     Spirit   .   t - +0 chain mail
rPois    .         Reflect  .   (helmet unavailable)
rElec    +         Harm     .   (no cloak)
rCorr    +         Rampage  .   (no gloves)
Will     +....                  (no boots)
Stlth    ..........             (no amulet)
HPRegen  0.21/turn              i - +4 ring of protection
MPRegen  0.11/turn              k - ring of resist corrosion

@: no status effects
A: permanent stasis, dig shafts and tunnels, antennae 3, four strong arms,
talons 1, clumsy 1, deformed body, strong-willed 1, sense surroundings 1, wild
magic 2, evolution 1
a: Dig, Shaft Self, Renounce Religion


You were on level 5 of the Dungeon.
You worshipped Xom.
You were a plaything of Xom.
You visited 1 branch of the dungeon, and saw 6 of its levels.

You collected 534 gold pieces.

Inventory:

Hand Weapons
 a - a +1 war axe
 z - the +1 war axe of Wolourha (weapon) {vorpal, Drain rElec Str+2 Int+3}
   (You found it on level 4 of the Dungeon)

   It inflicts extra damage upon your enemies.
   Str:       It affects your strength (+2).
   Int:       It affects your intelligence (+3).
   rElec:     It insulates you from electricity.
   Drain:     It drains your maximum health when unequipped.
Armour
 b - a +0 scale mail
 c - a +1 kite shield
 l - a +0 tower shield (worn)
 t - a +0 chain mail (worn)
Jewellery
 i - a +4 ring of protection (left hand)
 k - a ring of resist corrosion (right hand)
 w - an amulet of magic regeneration
 y - a ring of ice
Wands
 B - a wand of acid (9)
 C - a wand of flame (21)
Scrolls
 g - 3 scrolls of enchant armour
 h - 2 scrolls of blinking
 j - 4 scrolls of identify
 u - a scroll of enchant weapon
Potions
 d - a potion of might
 f - 2 potions of flight
 m - 2 potions of haste
 n - 3 potions of degeneration {unknown}
 p - 2 potions of curing
 q - a potion of attraction {unknown}
 r - a potion of lignification {unknown}
 v - a potion of resistance {unknown}
 x - a potion of heal wounds {unknown}
 A - a potion of berserk rage {unknown}
 D - a potion of cancellation {unknown}
 F - a potion of invisibility {unknown}


   Skills:
 + Level 6.4 Fighting
 * Level 7.4 Axes
 + Level 6.4 Armour
 + Level 7.0 Shields


You had 8 spell levels left.
You didn't know any spells.
Your spell library contained the following spells:

 Spells                   Type           Power      Damage    Failure   Level
 Animate Skeleton         Necr           0%         N/A       100%        1
 Magic Dart               Conj           0%         1d3       100%        1
 Pain                     Necr           0%         1d4       100%        1
 Call Imp                 Summ           0%         N/A       100%        2
 Mephitic Cloud           Conj/Pois/Air  0%         N/A       100%        3
 Ozocubu's Armour         Ice            0%         N/A       100%        3
 Vampiric Draining        Necr           0%         2d6       100%        3
 Metabolic Englaciation   Hex/Ice        0%         N/A       100%        5
 Simulacrum               Ice/Necr       0%         N/A       100%        6


Dungeon Overview and Level Annotations

Branches:
Dungeon (6/15)             Temple (0/1) D:5

Altars:
Makhleb
Trog
Xom
The Shining One

Shops:
D:4 =


Innate Abilities, Weirdness & Mutations

You cannot be hasted, slowed, berserked, paralysed or teleported.
You can dig through walls and to a lower floor.
You have a pair of large antennae on your head. (SInv)
Your four strong arms can wield two-handed weapons with a shield.
You have sharp toenails.
You are clumsy. (Dex -2)
Armour fits poorly on your strangely shaped body.
You are strong-willed. (Will+)
You passively map a small area around you.
Your spells are harder to cast, but more powerful.
You evolve.


Message History

Done waiting.
There is a stone staircase leading down here.
You climb downwards.
Level annotation: Menkaure The orc warrior completely misses you.
There is a stone staircase leading up here.
The orc warrior hits you with a +0 morningstar!
You climb upwards.
There is a stone staircase leading down here.
You see here a scorpion corpse.
You slash Menkaure!
Menkaure is heavily damaged.
Menkaure hits you!
You hit Menkaure. You claw Menkaure.
Menkaure is almost destroyed.
Menkaure hits you but does no damage.
You slash Menkaure!
You destroy Menkaure!
Your Shields skill increases to level 7!
You hit the orc warrior but do no damage.
You claw the orc warrior, but do no damage.
You block the orc warrior's attack.
You closely miss the orc warrior.
You claw the orc warrior, but do no damage.
The orc warrior hits you with a +0 morningstar! x2
You hit the orc warrior.
The orc warrior is lightly wounded.
The orc warrior hits you with a +0 morningstar!
* * * LOW HITPOINT WARNING * * *
You hit the orc warrior but do no damage.
Your kick misses the orc warrior.
The orc warrior is lightly wounded.
You block the orc warrior's attack. The orc warrior barely misses you.
Your chain mail prevents you from hitting the orc warrior.
The orc warrior is lightly wounded.
You block the orc warrior's attack.
You slash the orc warrior! Your kick misses the orc warrior.
The orc warrior is heavily wounded.
The orc warrior hits you with a +0 morningstar!!
You die...

........#####.......##.#
....................##.#
♣.......######......##.#
..♣.....# #......##.#
.♣♣..#### ##.....##.#
.....# #.>#####.###
.♣♣..# ##.# #....#
..♣..# #o# #..#.# ♣...##
#@# #..#.# ...## #.#
#..#.# ..## #.# #..#.#
.## #.# #..#.# ##
#.#######.# #.........#
###########


You could see an orc warrior.

Vanquished Creatures
  Menkaure (D:5)
  2 ice beasts
  2 ogres (D:5)
  2 sky beasts
  A necrophage (D:5)
  A centaur (D:4)
  2 phantoms (D:4)
  A bullfrog (D:6)
  2 scorpions (D:5)
  2 water moccasin skeletons
  A howler monkey (D:4)
  2 orc priests
  A bullfrog skeleton (D:5)
  2 hounds
  Jessica (D:2)
  4 iguanas
  A hound zombie (D:5)
  A howler monkey skeleton (D:5)
  5 adders
  A shadow imp (D:6)
  4 worms
  8 dart slugs
  8 orcs
  10 endoplasms
  4 giant cockroaches
  11 goblins
  2 hobgoblins (D:1)
  8 jackals (D:1)
  6 quokkas
  10 ball pythons
  13 bats
  4 frilled lizards
  10 kobolds
  2 rats (D:1)
135 creatures vanquished.

Notes
Turn   | Place    | Note
-------+----------+-------------------------------------------
     0 | D:1      | Anothat the Formicid Fighter began the quest for the Orb.
     0 | D:1      | Reached XP level 1. HP: 18/18 MP: 1/1
    28 | D:1      | Reached XP level 2. HP: 16/24 MP: 2/2
   256 | D:1      | Reached XP level 3. HP: 29/29 MP: 3/3
   875 | D:1      | Reached XP level 4. HP: 32/37 MP: 4/4
  1206 | D:2      | Noticed Jessica
  1213 | D:2      | Killed Jessica
  1293 | D:2      | Reached XP level 5. HP: 41/42 MP: 5/5
  1417 | D:2      | Found a faded altar of an unknown god.
  1444 | D:2      | Became a worshipper of Xom of Chaos
  1554 | D:2      | XOM: divination: magic mapping
  1871 | D:2      | XOM: give mutations
  1871 | D:2      | Gained mutation: Your spells are a little harder to cast,
                  | but a little more powerful. [Xom's grace]
  1871 | D:2      | Gained mutation: You expend magic power (3 MP) to
                  | strengthen your wands. [Xom's grace]
  2269 | D:3      | XOM: polymorph orc -> dart slug
  2273 | D:3      | Reached XP level 6. HP: 8/48 MP: 6/6
  3067 | D:3      | XOM is BORED!
  3067 | D:3      | XOM: give mutations
  3067 | D:3      | Lost mutation: You expend magic power (3 MP) to strengthen
                  | your wands. [Xom's mischief]
  3067 | D:3      | Gained mutation: You are strong-willed. (Will+) [Xom's
                  | mischief]
  3067 | D:3      | Gained mutation: Armour fits poorly on your strangely
                  | shaped body. [Xom's mischief]
  3106 | D:3      | XOM: scenery: summon butterflies
  3180 | D:3      | XOM: divination: detect items
  3535 | D:3      | XOM: god gift: 251 gold pieces
  3748 | D:4      | XOM: give mutations
  3748 | D:4      | Gained mutation: You evolve. [Xom's grace]
  3748 | D:4      | Gained mutation: Your spells are harder to cast, but more
                  | powerful. [Xom's grace]
  3748 | D:4      | Gained mutation: You have sharp toenails. [Xom's grace]
  3748 | D:4      | Gained mutation: You passively map a small area around you.
                  | [Xom's grace]
  3794 | D:4      | XOM: divination: detect creatures
  3798 | D:4      | Reached skill level 5 in Shields
  3814 | D:4      | Identified the +1 war axe of Wolourha {vorpal, Drain rElec
                  | Str+2 Int+3}
  3969 | D:4      | XOM: destruction
  3975 | D:4      | Reached XP level 7. HP: 48/55 MP: 7/7
  4032 | D:4      | XOM: scenery: 1 doors close
  4034 | D:4      | Found Ymaoc's Jewellery Boutique.
  4088 | D:4      | XOM: scenery: summon butterflies
  4203 | D:4      | Reached skill level 5 in Axes
  4435 | D:4      | Reached skill level 5 in Fighting
  4435 | D:4      | Reached skill level 5 in Armour
  4519 | D:4      | Found a bloodstained altar of Trog.
  4567 | D:5      | Entered Level 5 of the Dungeon
  4615 | D:5      | Found a staircase to the Ecumenical Temple.
  4639 | D:5      | XOM: scenery: create altars
  4874 | D:5      | Reached XP level 8. HP: 47/62 MP: 8/8
  4920 | D:5      | Gained mutation: You are clumsy. (Dex -2) [evolution]
  5190 | D:5      | Found a glowing golden altar of the Shining One.
  5468 | D:5      | Found a burning altar of Makhleb.
  5601 | D:5      | XOM: noise
  5968 | D:6      | Reached XP level 9. HP: 41/69 MP: 9/9
  6160 | D:6      | XOM: cleaving
  6165 | D:6      | Noticed Menkaure
  6167 | D:6      | XOM: noise
  6185 | D:6      | XOM: confusion (+ monsters)
  6195 | D:6      | XOM: enchant monster (good)
  6609 | D:5      | Killed Menkaure
  6615 | D:5      | Slain by an orc warrior

Illustrated notes

Levels and vault maps discovered:
D:1:      eino_arrival_tree_alley, layout_basic
D:2:      layout_loops_ring, ebering_ecumenical_altar_hall,
          chequers_serial_rivers_micro_d, minmay_joined_circles, uniq_jessica
D:3:      layout_basic
D:4:      layout_loops_ring, trog_book, serial_shops,
          nicolae_shop_competitors_out_of_business, minmay_door_square
D:5:      layout_basic, mainiacjoe_overflow_small_starburst,
          mainiacjoe_overflow_six_doors_small,
          minmay_temple_entry_statues_pillars, chequers_decorated_corner
D:6:      layout_rooms, mainiacjoe_overflow_alcove_4,
          mainiacjoe_overflow_cross_hatched, serial_bayou_pond_a, st_stairs_9,
          chequers_serial_rivers_marsh, uniq_menkaure, uniq_blork_the_orc

Skill      XL: |  1  2  3  4  5  6  7  8  9 |
---------------+----------------------------+-----
Shields        | 4 5 6 7 |  7.0
Axes           | 3 4 5 6 7 |  7.4
Fighting       | 4 5 6 |  6.4
Armour         | 4 5 6 |  6.4

Action                   |  1- 3 |  4- 6 |  7- 9 || total
-------------------------+-------+-------+-------++-------
Melee: War axe           |    99 |   208 |   130 ||   437
       Kick              |       |     5 |    38 ||    43
  Use: Scroll            |       |     2 |    10 ||    12
       Potion            |       |       |     1 ||     1
Armor: Scale mail        |    58 |    69 |       ||   127
       Chain mail        |       |    12 |    41 ||    53
Dodge: Dodged            |    39 |    54 |    19 ||   112
Block: Kite shield       |    67 |    39 |       ||   106
       Tower shield      |       |   140 |   127 ||   267
